 Dungeon Crawl Stone Soup version 0.29-a0-338-g1ff7896281 (webtiles) character file.

Game seed: 12896971448072085058

31 zishaf the Chiller (level 2, -4/20 HPs)
             Began as a Demigod Ice Elementalist on Apr 18, 2022.
             Killed by divine providence
             ... invoked by an orc priest
              (13 damage)
             ... on level 2 of the Dungeon.
             The game lasted 00:01:54 (901 turns).

zishaf the Chiller (Demigod Ice Elementalist)        Turns: 901, Time: 00:01:58

Health: -4/20      AC:  5    Str:  9    XL:     2   Next: 90%
Magic:  7/7        EV: 15    Int: 17    God:
Gold:   107        SH:  0    Dex: 14    Spells: 4/5 levels left

rFire   . . .      SeeInvis .   i - +1 hunting sling (vorpal)
rCold   . . .      Faith    .   (no shield)
rNeg    . . .      Spirit   .   c - +0 leather armour
rPois   .          Reflect  .   h - +0 helmet
rElec   .          Harm     .   (no cloak)
rCorr   .          Rampage  .   d - +0 pair of gloves
Will    +....                   (no boots)
Stlth   ++........              (no amulet)
HPRegen 0.06/turn               g - ring of willpower
MPRegen 0.10/turn               f - +4 ring of evasion

@: no status effects
A: high MP 1, forlorn, divine attributes
a: no special abilities


You were on level 2 of the Dungeon.
You visited 1 branch of the dungeon, and saw 2 of its levels.

You collected 107 gold pieces.

Inventory:

Hand Weapons
 i - a +1 vorpal hunting sling (weapon)
Armour
 a - a +0 robe
 c - a +0 leather armour (worn)
 d - a +0 pair of gloves (worn)
 h - a +0 helmet (worn)
Magical Staves
 k - a staff of conjuration
Jewellery
 f - a +4 ring of evasion (right hand)
 g - a ring of willpower (left hand)
Scrolls
 j - 2 scrolls of amnesia {unknown}
 m - a scroll of magic mapping {unknown}
Potions
 b - a potion of magic
 e - a potion of resistance {unknown}
 l - a potion of degeneration {unknown}
 n - a potion of berserk rage {unknown}
 o - a potion of curing {unknown}


   Skills:
 - Level 1.7 Dodging
 - Level 1.7 Stealth
 - Level 2.0 Spellcasting
 * Level 4.4 Ice Magic


You had 4 spell levels left.
You knew the following spells:

 Your Spells              Type           Power      Damage    Failure   Level
a - Freeze                Ice            64%        1d8       4%          1

Your spell library contained the following spells:

 Spells                   Type           Power      Damage    Failure   Level
 Frozen Ramparts          Ice            32%        1d5       13%         3
 Ozocubu's Armour         Ice            16%        N/A       13%         3
 Hailstorm                Conj/Ice       9%         3d4       73%         4


Dungeon Overview and Level Annotations

Branches:
Dungeon (2/15)

Annotations:
D:2 Sigmund


Innate Abilities, Weirdness & Mutations

You have an increased reservoir of magic. (+10% MP)
You shall have no god before yourself.
Your divine heritage dramatically boosts your attributes as you level up.


Message History

You shoot a sling bullet.
The sling bullet barely misses the ball python.
A ball python is nearby!
You shoot a sling bullet. The sling bullet hits the ball python.
You kill the ball python!
Found a whip.
You see here a ball python corpse.
A rat comes into view.
A rat is nearby!
You shoot a sling bullet.
The sling bullet closely misses the rat.
You shoot a sling bullet. The sling bullet hits the rat.
You kill the rat!
You see here a +0 whip.
A frilled lizard comes into view.
The frilled lizard hisses angrily.
An orc wizard comes into view. It is wielding a +0 dagger.
You shoot a sling bullet. The orc wizard shouts!
The sling bullet hits the frilled lizard.
You kill the frilled lizard!
You hear a shout! x2
The orc wizard casts a spell at you. The magic dart hits you.
You shoot a sling bullet. The sling bullet hits the orc wizard.
The orc wizard is lightly wounded.
An orc priest comes into view. It is wielding a +0 whip.
The orc wizard mumbles some strange words.
The orc wizard flickers and vanishes!
Deactivating autopickup; reactivate with Ctrl-A.
You shoot a sling bullet.
The orc priest looks satisfied for a moment.
You shoot a sling bullet. The sling bullet hits the orc priest!
The orc priest is severely wounded.
A puff of flame appears from out of thin air!
The puff of flame hits you.
The orc priest invokes the aid of Beogh against you.
Beogh smites you!
Ouch! That really hurt!
You die...

#....### #.#......# #.##
#.##.##### #..#..##.#.#...
#. #.†...## ##.#..##..)....
# #......# #....##.#.##.#
#......########...##.#.##.#
#...........# #...##.# ...
#.†.........# ##...#.# ##
#........)..####.....#
...........@....##...##
##.#.###.###.###..#...#
#+#. #.# #.# .##...@J...# .
#.# #.# #...###### . ...
.†. ##..# . .{. #..# #o##
.... #.. ##.. ..#


You could see an orc priest.

Vanquished Creatures
  A dart slug (D:1)
  3 endoplasms
  A giant cockroach (D:1)
  4 hobgoblins
  2 jackals (D:1)
  5 ball pythons
  2 bats
  4 frilled lizards
  4 goblins
  2 rats
28 creatures vanquished.

Notes
Turn   | Place    | Note
-------+----------+-------------------------------------------
     0 | D:1      | zishaf the Demigod Ice Elementalist began the quest for the
                  | Orb.
     0 | D:1      | Reached XP level 1. HP: 14/14 MP: 5/5
   285 | D:1      | Reached skill level 4 in Ice Magic
   366 | D:1      | Reached XP level 2. HP: 20/20 MP: 7/7
   713 | D:2      | Noticed Sigmund
   901 | D:2      | Killed from afar by an orc priest

Illustrated notes

Levels and vault maps discovered:
D:1:      tarquinn_simple_flora_water_b, layout_rooms
D:2:      layout_basic, basic_altar, minmay_misc_feat_nine_boxes, uniq_sigmund

Skill      XL: |  1 |
---------------+----+-----
Spellcasting   | 2 |  2.0
Ice Magic      | 4 |  4.4
Dodging        | |  1.7
Stealth        | |  1.7

Action                   || total
-------------------------++-------
Melee: Unarmed           ||     1
 Fire: Hunting sling     ||    44
 Cast: Freeze            ||    12
Armor: Leather armour    ||     3
Dodge: Dodged            ||     5

Table legend: (Time is in decaauts)
 A = Elapsed time spent in this place.
 B = Non-inter-level travel time spent in this place.
 C = Inter-level travel time spent in this place.
 D = Time resting spent in this place.
 E = Time spent auto-exploring this place.
 F = Levels seen in this place.
 G = Mean time per level.
                   A        B        C        D        E       F      G
               +--------+--------+--------+--------+--------+-----+--------+
         Total |    922 |    913 |      9 |     19 |    651 |   2 |  461.0 |
       Dungeon |    922 |    913 |      9 |     19 |    651 |   2 |  461.0 |
               +--------+--------+--------+--------+--------+-----+--------+

Top non-repeatable levels by time:
     D:1: 672 daAuts
     D:2: 250 daAuts
